 Dungeon Crawl Stone Soup version 0.22.1-1-ga44c0e56f4 (webtiles) character file.

8687 Gunterle the Skirmisher (level 10, -2/84 HPs)
             Began as a Demigod Skald on Oct 7, 2018.
             Slain by a wolf spider zombie (6 damage)
             ... on level 10 of the Dungeon.
             The game lasted 01:09:05 (13715 turns).

Gunterle the Skirmisher (Demigod Skald)            Turns: 13715, Time: 01:09:06

Health: -2/84      AC: 12    Str: 18    XL:     10   Next: 90%
Magic:  0/23       EV: 16    Int: 24    God:
Gold:   511        SH:  0    Dex: 15    Spells: 10/21 levels left

rFire    + . .     SeeInvis .   Q - +1 spear (freeze)
rCold    . . .     Gourm    .   (no shield)
rNeg     . . .     Faith    .   E - +3 leather armour
rPois    .         Spirit   +   F - +0 helmet
rElec    .         Reflect  .   s - +0 cloak
rCorr    .         Harm     .   (no gloves)
MR       ++...                  y - +2 pair of boots
Stlth    +.........             A - amulet of guardian spirit
HPRegen  0.24/turn              t - ring of protection from magic
MPRegen  0.18/turn              K - ring of protection from fire

@: brilliant
A: high mp 1
a: no special abilities


You were on level 10 of the Dungeon.
You were not hungry.

You visited 1 branch of the dungeon, and saw 10 of its levels.

You collected 511 gold pieces.

Inventory:

Hand Weapons
 l - the +5 hand axe of Destiny {chop, rPois MR+++ Str+4 Int-5}
   (You found it on level 8 of the Dungeon)

   It inflicts extra damage upon your enemies.
   It affects your strength (+4).
   It affects your intelligence (-5).
   It protects you from poison.
   It affects your resistance to hostile enchantments.
 q - a +1 spear of piercing
 C - a +0 shortbow
 Q - a +1 spear of freezing (weapon)
 W - a +0 blowgun
 X - a +0 hand crossbow
 Y - a +0 arbalest
Missiles
 a - 6 tomahawks
 b - 5 needles of sleeping
 f - 457 stones
 g - 3 throwing nets
 h - 6 steel javelins
 k - 3 tomahawks of dispersal
 p - 101 bolts
 v - 146 arrows
 z - 65 poisoned needles
 B - 59 sling bullets
 G - 6 javelins (quivered)
Armour
 s - a +0 cloak (worn)
 y - a +2 pair of boots (worn)
 E - a +3 leather armour (worn)
 F - a +0 helmet (worn)
 O - a +3 ring mail of positive energy
Magical Staves
 H - an uncursed staff of death
 I - an uncursed staff of poison
Jewellery
 t - a ring of protection from magic (left hand)
 A - an amulet of guardian spirit (around neck)
 K - a ring of protection from fire (right hand)
Wands
 u - a wand of polymorph (12)
 N - a wand of scattershot (5)
 V - a wand of flame (28)
 Z - a wand of enslavement (3)
Scrolls
 c - 3 scrolls of fog
 m - a scroll of immolation
 o - 2 scrolls of amnesia
 x - 3 scrolls of remove curse
Potions
 e - a potion of flight {unknown}
 j - a potion of mutation
 J - 3 potions of degeneration
 S - a potion of agility {unknown}
Comestibles
 d - 16 rations


   Skills:
 + Level 6.7 Fighting
 + Level 6.1(6.3) Polearms
 - Level 2.4(4.6) Staves
 + Level 6.6 Armour
 + Level 6.7 Dodging
 + Level 6.1 Spellcasting
 + Level 2.8 Hexes
 - Level 6.2 Charms


You had 10 spell levels left.
You knew the following spells:

 Your Spells              Type           Power        Failure   Level  Hunger
a - Infusion              Chrm           ####         1%          1    None
b - Shroud of Golubria    Chrm/Tloc      #####.....   1%          2    None
c - Spectral Weapon       Hex/Chrm       #####...     1%          3    #......
d - Regeneration          Chrm/Necr      #####.....   1%          3    #......
e - Song of Slaying       Chrm           ######..     1%          2    None

Your spell library contained the following spells:

 Spells                   Type           Power        Failure   Level  Hunger
 Summon Butterflies       Summ           ###.....     1%          1    None
 Call Canine Familiar     Summ           ###.....     3%          3    #......
 Summon Ice Beast         Ice/Summ       ###.....     10%         4    ###....
 Summon Mana Viper        Hex/Summ       ####....     14%         5    #####..
 Summon Hydra             Summ           ###.......   99%         7    #######


Dungeon Overview and Level Annotations

Branches:
Dungeon (10/15)            Temple (0/1) D:5
   Lair: D:8-11         Orc: D:9-12

Annotations:
D:7 Joseph
D:8 3 runed doors, Sotto's ghost, novice TrFi


Innate Abilities, Weirdness & Mutations

You have an increased reservoir of magic. (+10% MP)


Message History

The wolf spider zombie misses you.
The wolf spider zombie completely misses you.
You swap places.
The wolf spider zombie hits your spectral weapon!
Your spectral weapon shares its damage with you!
* * * LOW HITPOINT WARNING * * *
The wolf spider zombie misses your spectral weapon.
You are no longer magically infusing your attacks.
The wolf spider zombie hits your spectral weapon!
Your spectral weapon shares its damage with you!
Your spectral weapon fades away.
* * * LOW HITPOINT WARNING * * *
Okay, then.
Okay, then.
Okay, then.
Okay, then.
It was a potion of brilliance.
You feel clever all of a sudden. The wolf spider zombie hits you!
You die...

##############.####'#####......>
.........................
#####...###.............. #...#
#.............. #...#
#.............. #...#
#..............
#####...###..............
.........Z................
.........@................
##########################


You could see a wolf spider zombie.

Vanquished Creatures
  Harold (D:10)
  Erolcha (D:9)
  Urug (D:10)
  2 centaur zombies (D:10)
  A centaur skeleton (D:10)
  A hellwing (D:10)
  A hornet (D:10)
  2 hippogriffs
  3 yaks (D:10)
  Eustachio (D:4)
  A hungry ghost (D:9)
  A hornet zombie (D:10)
  2 phantoms
  5 ogres
  An orc warrior (D:9)
  A black bear (D:6)
  4 ice beasts
  A sky beast (D:5)
  A wolf (D:8)
  3 centaurs (D:9)
  2 necrophages
  A big kobold (D:9)
  4 bullfrogs
  15 killer bees
  A scorpion (D:10)
  3 howler monkeys
  A bullfrog zombie (D:6)
  4 crimson imps
  4 hounds
  12 orc wizards
  A bullfrog skeleton (D:10)
  An orc priest (D:9)
  A jelly (D:7)
  5 iguanas
  5 worker ants
  A killer bee zombie (D:7)
  2 hound zombies
  2 hound skeletons
  A worker ant zombie (D:6)
  3 gnolls (D:4)
  8 adders
  4 shadow imps
  A worm (D:2)
  4 dart slugs
  9 leopard geckos
  32 orcs
  7 giant cockroaches
  2 goblins
  7 hobgoblins
  4 jackals (D:6)
  9 kobolds
  4 quokkas
  A ball python (D:3)
  6 bats
  4 frilled lizards
  A giant cockroach zombie (D:5)
  A quokka skeleton (D:8)
  12 rats
219 creatures vanquished.

Vanquished Creatures (others)
  5 spectral weapons
5 creatures vanquished.

Grand Total: 224 creatures vanquished

Notes
Turn   | Place    | Note
-------+----------+-------------------------------------------
     0 | D:1      | Gunterle the Demigod Skald began the quest for the Orb.
     0 | D:1      | Reached XP level 1. HP: 17/17 MP: 5/5
    79 | D:1      | Reached skill level 1 in Armour
   178 | D:1      | Reached XP level 2. HP: 4/24 MP: 0/7
  1199 | D:2      | Learned a level 2 spell: Shroud of Golubria
  1271 | D:2      | Reached XP level 3. HP: 29/29 MP: 2/8
  2304 | D:3      | Reached XP level 4. HP: 34/36 MP: 7/10
  2948 | D:3      | Learned a level 3 spell: Spectral Weapon
  3055 | D:4      | Reached XP level 5. HP: 42/42 MP: 4/11
  3590 | D:4      | Noticed an ogre
  3802 | D:4      | Killed an ogre
  3802 | D:4      | Reached XP level 6. HP: 32/50 MP: 3/13
  4109 | D:4      | Found an iron altar of Okawaru.
  4152 | D:4      | Noticed Eustachio
  4158 | D:4      | Learned a level 3 spell: Regeneration
  4183 | D:4      | Killed Eustachio
  4610 | D:5      | Entered Level 5 of the Dungeon
  4618 | D:5      | Reached XP level 7. HP: 57/57 MP: 5/15
  4971 | D:5      | Found a staircase to the Ecumenical Temple.
  5026 | D:5      | Found a blossoming altar of Fedhas.
  5054 | D:5      | Reached skill level 1 in Staves
  5722 | D:6      | Reached XP level 8. HP: 55/66 MP: 1/17
  6983 | D:7      | Reached skill level 5 in Charms
  7166 | D:7      | Noticed Joseph
  7210 | D:7      | Found a shadowy altar of Dithmenos.
  7817 | D:8      | Found a hazy altar of Hepliaklqana.
  7818 | D:8      | Found a shimmering altar of Xom.
  7819 | D:8      | Noticed a spectral ugly thing
  7855 | D:8      | Found a basalt altar of Yredelemnul.
  7857 | D:8      | Noticed a hippogriff
  7869 | D:8      | Killed a hippogriff
  8051 | D:8      | Noticed Sotto's ghost (novice TrFi)
  8056 | D:8      | Noticed a blink frog
  8057 | D:8      | Found a runed gate.
  8057 | D:8      | Found a runed gate.
  8059 | D:8      | Found a runed gate.
  8085 | D:8      | Noticed a polar bear
  8089 | D:8      | a polar bear changed into a yak
  8208 | D:8      | Noticed a queen bee
  8259 | D:8      | Found an opulent altar of Gozag.
  8259 | D:8      | Found a stormy altar of Qazlal.
  8259 | D:8      | Found an ornate altar of the Wu Jian Council.
  8368 | D:8      | Reached XP level 9. HP: 73/73 MP: 13/19
  8464 | D:8      | Noticed Maurice
  8607 | D:8      | Got a bone hand axe
  8632 | D:8      | Noticed Maurice
  8632 | D:8      | Maurice changed into Maurice the wolf
  8634 | D:8      | Killed Maurice the wolf
  8935 | D:8      | Noticed a glowing orange brain
  8943 | D:8      | Noticed a shock serpent
  9168 | D:9      | Reached skill level 5 in Dodging
  9227 | D:9      | Reached skill level 5 in Fighting
  9406 | D:9      | Identified the +5 hand axe of Destiny {chop, rPois MR+++
                  | Str+4 Int-5} (You found it on level 8 of the Dungeon)
  9820 | D:9      | Found an ornate altar of the Wu Jian Council.
  9828 | D:9      | Reached skill level 5 in Armour
 10271 | D:9      | Reached skill level 5 in Spellcasting
 10856 | D:9      | Found a glowing silver altar of Zin.
 11363 | D:9      | Reached skill level 5 in Polearms
 11699 | D:9      | Noticed Erolcha
 11817 | D:9      | Killed Erolcha
 11817 | D:9      | Reached XP level 10. HP: 20/83 MP: 4/21
 12122 | D:10     | Entered Level 10 of the Dungeon
 12330 | D:10     | Learned a level 2 spell: Song of Slaying
 12358 | D:10     | Found a shadowy altar of Dithmenos.
 12499 | D:10     | Reached skill level 1 in Hexes
 12545 | D:10     | Noticed Harold
 12568 | D:10     | Paralysed by a hornet for 1 turns
 12649 | D:10     | Killed Harold
 13006 | D:10     | Noticed Urug
 13028 | D:10     | Killed Urug
 13711 | D:10     | HP: 3/84 [wolf spider zombie (4)]
 13715 | D:10     | Slain by a wolf spider zombie

Skill      XL: |  1  2  3  4  5  6  7  8  9 10 |
---------------+-------------------------------+-----
Armour         | 1 2 3 4 5 6 |  6.6
Polearms       | 2 3 4 5 6 |  6.1
Spellcasting   | 2 3 4 5 6 |  6.1
Dodging        | 2 3 4 5 6 |  6.7
Fighting       | 2 3 4 5 6 |  6.7
Charms         | 3 4 5 6 |  6.2
Staves         | 1 2 |  2.4
Hexes          | 2 |  2.8

Action                   |  1- 3 |  4- 6 |  7- 9 | 10-12 || total
-------------------------+-------+-------+-------+-------++-------
Melee: Spear             |   126 |   121 |   548 |   198 ||   993
       Hand axe          |       |       |     3 |       ||     3
Throw: Javelin           |       |     8 |       |       ||     8
       Tomahawk          |       |     4 |       |       ||     4
       Stone             |       |     1 |       |       ||     1
 Cast: Infusion          |    26 |    22 |    62 |    13 ||   123
       Shroud of Golubri |     4 |    16 |    41 |    10 ||    71
       Spectral Weapon   |       |     2 |    13 |     7 ||    22
Evoke: Wand              |       |       |    25 |     1 ||    26
  Use: Scroll            |     7 |     2 |     9 |     8 ||    26
       Potion            |       |       |     2 |    10 ||    12
 Stab: Sleeping          |     5 |       |     3 |       ||     8
       Distracted        |       |       |     1 |     2 ||     3
  Eat: Chunk             |     5 |     5 |    24 |     3 ||    37
       Ration            |       |     1 |     1 |     1 ||     3
Armor: Leather armour    |    13 |    28 |   169 |    51 ||   261
       Skin              |       |       |       |    54 ||    54
Dodge: Dodged            |    52 |    65 |   278 |   114 ||   509
